 Dungeon Crawl Stone Soup version 0.28-a0-1227-ga9037bb4c8 (webtiles) character file.

Game seed: 3197403767852829406

480 Lavandula the Ruffian (level 7, 0/48 HPs)
             Began as a Formicid Transmuter on Dec 22, 2021.
             Killed from afar by Dowan (18 damage)
             ... with a stone arrow
             ... on level 4 of the Dungeon.
             The game lasted 00:05:26 (3534 turns).

Lavandula the Ruffian (Formicid Transmuter)         Turns: 3534, Time: 00:05:27

Health: 0/48       AC:  2    Str: 17    XL:     7   Next: 34%
Magic:  9/10       EV: 19    Int: 12    God:
Gold:   158        SH:  5    Dex: 22    Spells: 4/10 levels left

rFire   . . .      SeeInvis .     - Unarmed
rCold   . . .      Faith    .   (shield currently unavailable)
rNeg    . . .      Spirit   .   (armour currently unavailable)
rPois   x          Reflect  +   (helmet unavailable)
rElec   .          Harm     .   (cloak currently unavailable)
rCorr   .          Rampage  .   (gloves currently unavailable)
Will    +....                   (boots currently unavailable)
Stlth   ++........              h - amulet of reflection
HPRegen 0.16/turn               i - +6 ring of dexterity
MPRegen 0.12/turn               k - ring of willpower

@: spider-form (expiring)
A: venomous fangs, permanent stasis, dig shafts and tunnels, tiny, (antennae 3),
four strong arms
a: End Transformation


You were on level 4 of the Dungeon.
You were a venomous arachnid creature.
You visited 1 branch of the dungeon, and saw 4 of its levels.

You collected 158 gold pieces.

Inventory:

Armour
 a - a +0 robe (melded)
 c - a +0 pair of gloves (melded)
 p - a +0 pair of boots (melded)
Jewellery
 h - an amulet of reflection (around neck)
 i - a +6 ring of dexterity (left front leg)
 k - a ring of willpower (right front leg)
Wands
 l - a wand of iceblast (7)
 n - a wand of acid (7)
Scrolls
 b - a scroll of fear {unknown}
 e - a scroll of vulnerability {unknown}
 f - 3 scrolls of identify {unknown}
 g - a scroll of teleportation {unknown}
 j - 2 scrolls of holy word {unknown}
 m - 2 scrolls of amnesia {unknown}
 o - a scroll of silence {unknown}
Potions
 d - a potion of curing {unknown}


   Skills:
 - Level 1.1 Fighting
 - Level 1.7 Dodging
 + Level 5.6 Unarmed Combat
 - Level 2.1 Spellcasting
 - Level 5.1 Transmutations
 - Level 4.0 Poison Magic


You had 4 spell levels left.
You knew the following spells:

 Your Spells              Type           Power      Damage    Failure   Level
a - Beastly Appendage     Tmut           26%        N/A       11%         1
b - Wereblood             Tmut           13%        N/A       14%         2
c - Spider Form           Tmut/Pois      12%        N/A       28%         3

Your spell library contained the following spells:

 Spells                   Type           Power      Damage    Failure   Level
 Animate Skeleton         Necr           2%         N/A       47%         1
 Pain                     Necr           4%         1d4       47%         1
 Vampiric Draining        Necr           1%         2d6       82%         3
 Ice Form                 Ice/Tmut       7%         N/A       85%         4
 Summon Forest            Summ/Tloc      0%         N/A       100%        5
 Eringya's Noxious Bog    Tmut/Pois      6%         N/A       100%        6
 Summon Hydra             Summ           0%         N/A       100%        7


Dungeon Overview and Level Annotations

Branches:
Dungeon (4/15)
 Temple: D:4-7

Altars:
Elyvilon
Gozag
Nemelex Xobeh
Uskayaw
The Shining One

Annotations:
D:4 Dowan


Innate Abilities, Weirdness & Mutations

You are a venomous arachnid creature.
You have poisonous fangs.
You are tiny and dextrous.
Your spellcasting is less reliable in this form.
Your armour is entirely melded.
You are incapable of wielding weapons or throwing items.
You cannot be hasted, slowed, berserked, paralysed or teleported.
You can dig through walls and to a lower floor.
((You have a pair of large antennae on your head. (SInv)))
Your four strong arms can wield two-handed weapons with a shield.


Message History

Duvessa says, "When magic and the sword combine, nothing stands against them."
Duvessa misses you.
Okay, then.
Duvessa is nearby!
You block Duvessa's attack.
You see here a +0 dagger.
You hit Duvessa.
Duvessa looks as sick as possible!
Duvessa is heavily wounded.
Duvessa misses you. You block Duvessa's attack.
You hit Duvessa but do no damage.
Duvessa looks as sick as possible!
Duvessa is severely wounded.
Duvessa completely misses you.
You hit Duvessa.
Duvessa is severely wounded.
Duvessa closely misses you.
You hit Duvessa.
You kill Duvessa!
You hear a distant wail of despair.
Your Unarmed Combat skill increases to level 5!
You start resting.
Your transformation is almost over.
Dowan seems to find hidden reserves of power!
Things that are here:
a +0 short sword; a +0 leather armour; a +0 dagger You closely miss Dowan.
Dowan casts a spell at you. The stone arrow hits you! Dowan misses you.
You hit Dowan.
Dowan is poisoned.
Dowan is moderately wounded.
Dowan casts a spell.
Dowan blinks!
Dowan hits you with a +0 dagger. Dowan closely misses you.
You closely miss Dowan.
Dowan is moderately wounded.
Dowan drinks a potion.
Dowan seems to grow stronger.
You closely miss Dowan.
Dowan is moderately wounded.
Dowan points at you and mumbles some strange words.
The stone arrow hits you!!
You die...

..#.. #.. ##..## #
....##.# #.## ..### #.#..#
#.# ....####)..# #.###
#.........### ##...
##..........### #....
#.............######.###
#.........†..........# #
#....##)se............###
#...###...................
..# #...##..........[...#
. #..####......####.###
#..## #..##### #.## #..##
#..# #..# #..# #..# #..#
..# ... ##..# ..# ..
##...#


You could see Dowan (fast, strong, very poisoned).

Vanquished Creatures
  Duvessa (D:4)
  A sky beast (D:3)
  A howler monkey (D:4)
  Ijyb (D:3)
  An orc priest (D:2)
  2 orc wizards
  6 adders
  A dart slug (D:4)
  12 orcs
  10 ball pythons
  5 bats
  4 endoplasms
  4 giant cockroaches
  11 goblins
  4 hobgoblins
  6 kobolds
  2 quokkas
  4 frilled lizards
  10 rats
86 creatures vanquished.

Notes
Turn   | Place    | Note
-------+----------+-------------------------------------------
     0 | D:1      | Lavandula the Formicid Transmuter began the quest for the
                  | Orb.
     0 | D:1      | Reached XP level 1. HP: 15/15 MP: 3/3
   155 | D:1      | Reached XP level 2. HP: 21/21 MP: 3/5
   235 | D:1      | Learned a level 2 spell: Wereblood
   592 | D:1      | Found a faded altar of an unknown god.
   613 | D:1      | Reached XP level 3. HP: 26/26 MP: 2/6
   628 | D:1      | Learned a level 3 spell: Spider Form
  1209 | D:2      | Reached skill level 1 in Poison Magic
  1425 | D:2      | Reached XP level 4. HP: 31/32 MP: 5/7
  1780 | D:2      | Reached XP level 5. HP: 33/37 MP: 0/8
  2257 | D:3      | Noticed Ijyb
  2275 | D:3      | Killed Ijyb
  2436 | D:3      | Noticed a sky beast
  2453 | D:3      | Killed a sky beast
  2454 | D:3      | Reached skill level 5 in Transmutations
  2454 | D:3      | Reached XP level 6. HP: 26/43 MP: 2/9
  3187 | D:3      | Found a glowing golden altar of the Shining One.
  3202 | D:3      | Found a white marble altar of Elyvilon.
  3205 | D:3      | Found a hide-covered altar of Uskayaw.
  3205 | D:3      | Found an opulent altar of Gozag.
  3215 | D:3      | Found a sparkling altar of Nemelex Xobeh.
  3477 | D:4      | Reached XP level 7. HP: 40/48 MP: 6/10
  3513 | D:4      | Noticed Duvessa
  3516 | D:4      | Noticed Dowan
  3526 | D:4      | Killed Duvessa
  3527 | D:4      | Reached skill level 5 in Unarmed Combat
  3534 | D:4      | Killed from afar by Dowan

Illustrated notes

Levels and vault maps discovered:
D:1:      lemuel_arrival_behind_the_door_large, layout_basic,
          ebering_ecumenical_altar_box, minmay_quantized
D:2:      layout_loops_ring, nicolae_figureground_pulse
D:3:      layout_loops_ring, nicolae_overflow_hallway_of_the_gods, uniq_ijyb
D:4:      layout_layer_cave, temple_fountains, uniq_duvessa

Skill      XL: |  1  2  3  4  5  6  7 |
---------------+----------------------+-----
Unarmed Combat | 4 5 |  5.6
Poison Magic   | 2 4 |  4.0
Transmutations | 5 |  5.1
Fighting       | |  1.1
Dodging        | |  1.7
Spellcasting   | |  2.1

Action                   |  1- 3 |  4- 6 |  7- 9 || total
-------------------------+-------+-------+-------++-------
Melee: Unarmed           |    69 |   137 |    13 ||   219
       Kick              |     8 |     3 |       ||    11
       Punch             |       |     1 |       ||     1
 Cast: Beastly Appendage |    20 |    12 |       ||    32
       Wereblood         |     3 |     3 |       ||     6
       Spider Form       |     1 |    12 |     1 ||    14
 Abil: Dig               |     1 |     3 |       ||     4
 Stab: Sleeping          |       |     1 |       ||     1
Armor: Robe              |     9 |    18 |       ||    27
       Skin              |       |     4 |       ||     4
Dodge: Dodged            |    22 |    89 |     7 ||   118
Block: Other             |     2 |    20 |     3 ||    25
       Reflection        |       |     1 |       ||     1

Table legend: (Time is in decaauts)
 A = Elapsed time spent in this place.
 B = Non-inter-level travel time spent in this place.
 C = Inter-level travel time spent in this place.
 D = Time resting spent in this place.
 E = Time spent auto-exploring this place.
 F = Levels seen in this place.
 G = Mean time per level.
                   A        B        C        D        E       F      G
               +--------+--------+--------+--------+--------+-----+--------+
         Total |   3516 |   3495 |     21 |      8 |   2808 |   4 |  879.0 |
       Dungeon |   3516 |   3495 |     21 |      8 |   2808 |   4 |  879.0 |
               +--------+--------+--------+--------+--------+-----+--------+

Top non-repeatable levels by time:
     D:1: 1149 daAuts
     D:2: 1098 daAuts
     D:3: 1044 daAuts
     D:4: 223 daAuts
